 Dungeon Crawl Stone Soup version 0.30.1-11-g7821555f0a (webtiles) character file.

Game seed: 14823867384433116701

137 Destapler the Magician (level 5, -5/29 HPs)
             Began as a Deep Elf Air Elementalist on Dec 23, 2023.
             Was a Believer of Sif Muna.
             Slain by a black bear (10 damage)
             ... on level 4 of the Dungeon.
             The game lasted 00:09:58 (3543 turns).

Destapler the Magician (Deep Elf Air Elementalist)  Turns: 3543, Time: 00:09:59

Health: -5/29      AC:  2    Str:  5    XL:     5   Next: 0%
Magic:  4/13       EV: 13    Int: 22    God:    Sif Muna [**....]
Gold:   108        SH:  0    Dex: 15    Spells: 7/12 levels left

rFire   . . .        f - +2 dagger (venom)
rCold   . . .        (no shield)
rNeg    . . .        a - +0 robe
rPois   .            (no helmet)
rElec   .            (no cloak)
rCorr   .            (no gloves)
SInv    .            (no boots)
Will    .....        (no amulet)
Stlth   ++           (no ring)
HPRegen 0.24/turn    (no ring)
MPRegen 0.13/turn

%: no passive effects
@: very slightly contaminated
A: no striking features
a: Renounce Religion, Channel Magic


You were on level 4 of the Dungeon.
You worshipped Sif Muna.
Sif Muna was pleased with you.
You visited 1 branch of the dungeon, and saw 4 of its levels.

You collected 108 gold pieces.

Inventory:

Hand Weapons
 e - a +1 short sword of protection
 f - a +2 dagger of venom (weapon)
Armour
 a - a +0 robe (worn)
Scrolls
 c - a scroll of fear {unknown}
 h - a scroll of fog {unknown}
 j - 5 scrolls of identify {unknown}
 k - 2 scrolls of teleportation {unknown}
 r - a scroll of immolation {unknown}
Potions
 b - a potion of magic
 d - 2 potions of heal wounds {unknown}
 g - a potion of invisibility {unknown}
 i - a potion of degeneration {unknown}
 l - 2 potions of cancellation {unknown}
 m - 3 potions of resistance {unknown}
 n - a potion of lignification {unknown}
 o - a potion of attraction {unknown}
 p - a potion of curing {unknown}
 q - a potion of might {unknown}
 s - a potion of mutation {unknown}


   Skills:
 - Level 1.0 Fighting
 + Level 1.5 Short Blades
 - Level 3.0 Dodging
 + Level 3.5 Stealth
 + Level 4.0 Spellcasting
 + Level 2.3 Conjurations
 - Level 3.0 Air Magic
 + Level 1.5 Invocations


You had 7 spell levels left.
You knew the following spells:

 Your Spells              Type           Power      Damage    Failure   Level
a - Shock                 Conj/Air       64%        1d7       3%          1
b - Airstrike             Air            8%         2d(2-18)  32%         4

Your spell library contained the following spells:

 Spells                   Type           Power      Damage    Failure   Level
 Static Discharge         Conj/Air       32%        2-4/arc   6%          2
 Kiss of Death            Conj/Necr      36%        2d8       7%          1
 Swiftness                Air            17%        N/A       10%         3


Dungeon Overview and Level Annotations

Branches:
Dungeon (4/15)
 Temple: D:4-7

Altars:
Sif Muna
Trog

Shops:
D:2 (   D:3 [

Annotations:
D:4 3 runed translucent doors, vvlvvlvvl's ghost, weakling HOMo


Message History

The black bear closely misses you.
Casting: Shock (safe; 3% risk of failure)
Confirm with . or Enter, or press ? or * to list all spells.
Aiming: Shock (safe; 3% risk of failure)
Press: ? - help, Shift-Dir - straight line The zap hits the black bear.
The black bear is heavily wounded.
The zap hits the black bear.
The black bear is severely wounded.
The black bear bites you. The black bear claws you.
The black bear barely misses you.
Casting: Shock (safe; 3% risk of failure)
Confirm with . or Enter, or press ? or * to list all spells.
Aiming: Shock (safe; 3% risk of failure)
Press: ? - help, Shift-Dir - straight line The zap misses the black bear.
The zap hits the black bear.
The black bear is severely wounded.
The black bear goes berserk!
Unknown command.
Casting: Shock (safe; 3% risk of failure)
Confirm with . or Enter, or press ? or * to list all spells.
Aiming: Shock (safe; 3% risk of failure)
Press: ? - help, Shift-Dir - straight line You miscast Shock.
Nothing appears to happen.
The black bear bites you.
* * * LOW HITPOINT WARNING * * *
The black bear barely misses you. The black bear claws you.
* * * LOW HITPOINT WARNING * * *
The black bear closely misses you. The black bear claws you.
* * * LOW HITPOINT WARNING * * *
The black bear claws you but does no damage.
Casting: Shock (safe; 3% risk of failure)
Confirm with . or Enter, or press ? or * to list all spells.
Aiming: Shock (safe; 3% risk of failure)
Press: ? - help, Shift-Dir - straight line The zap hits the black bear.
The black bear is almost dead.
The zap hits the black bear.
The black bear is almost dead.
The black bear bites you!
You die...

#... ...# ..#
#... #..#
###...# #..#
##########
....... #..#
#.@......#
.......
#..####h#..###..
.......
#..#...#.##
.......
#.#.##..#
.###..... #...#
.## ....##....
### ##..##.#
###....##...
##.# ##..#.#
.Y.. #....#.#.
##..#
##...##YZ..
#....#.##
##...####
##...#Z.Z.
#...+.##


You could see a black bear (berserk).

Vanquished Creatures
  4 adders
  2 worms
  3 dart slugs
  2 orcs
  8 ball pythons
  6 endoplasms
  6 giant cockroaches
  4 goblins
  12 hobgoblins
  7 jackals
  2 quokkas
  3 bats (D:2)
  4 frilled lizards
  10 kobolds
  5 rats
78 creatures vanquished.

Notes
Turn   | Place    | Note
-------+----------+-------------------------------------------
     0 | D:1      | Destapler the Deep Elf Air Elementalist began the quest for
                  | the Orb.
     0 | D:1      | Reached XP level 1. HP: 10/10 MP: 6/6
   285 | D:1      | Reached XP level 2. HP: 12/16 MP: 6/8
   367 | D:1      | Found a faded altar of an unknown god.
   452 | D:1      | Got Plato's Atlas of Blasts
   453 | D:1      | Prayed at the altar of an unknown god.
   453 | D:1      | Became a worshipper of Sif Muna the Loreminder
   453 | D:1      | Reached * piety under Sif Muna
   566 | D:1      | Reached skill level 1 in Fighting
   710 | D:1      | Reached XP level 3. HP: 20/20 MP: 7/9
  1003 | D:2      | You fall into a shaft and drop 2 floors!
  1668 | D:3      | Found Lille's Armour Shoppe.
  1742 | D:2      | Reached skill level 1 in Invocations
  1744 | D:2      | Reached skill level 1 in Short Blades
  1850 | D:2      | Reached XP level 4. HP: 25/25 MP: 8/11
  1915 | D:2      | Reached ** piety under Sif Muna
  2165 | D:2      | Found Doeromez's Antique Weapon Boutique.
  2612 | D:3      | Found a bloodstained altar of Trog.
  3144 | D:4      | Reached skill level 4 in Spellcasting
  3279 | D:4      | Found a runed translucent gate.
  3282 | D:4      | Found a runed translucent gate.
  3287 | D:4      | Found a runed translucent gate.
  3307 | D:4      | Noticed a black bear
  3487 | D:4      | Reached XP level 5. HP: 29/29 MP: 11/13
  3492 | D:4      | Learned a level 4 spell: Airstrike
  3518 | D:4      | Noticed an ice beast
  3519 | D:4      | Noticed vvlvvlvvl's ghost (weakling HOMo)
  3543 | D:4      | Slain by a black bear

Illustrated notes

Levels and vault maps discovered:
D:1:      dpeg_arrival_fog, layout_rooms, shapermc_ecumenical_altar_rom_forum
D:2:      layout_rooms, serial_shops, shop, minivault_19, grunt_ministairs_7,
          minmay_door_square
D:3:      layout_loops_ring, overflow_temple_1_default, serial_shops, shop
D:4:      layout_cave_pods, gammafunk_ghost_icy

Skill      XL: |  1  2  3  4 |
---------------+-------------+-----
Fighting       | 1 |  1.0
Dodging        | 3 |  3.0
Stealth        | 3 |  3.5
Invocations    | 1 |  1.5
Short Blades   | 1 |  1.5
Conjurations   | 2 |  2.3
Spellcasting   | 4 |  4.0
Air Magic      | |  3.0

Action                     |  1- 3 |  4- 6 || total
---------------------------+-------+-------++-------
  Melee: Short sword       |     6 |       ||     6
         Dagger            |    15 |     4 ||    19
   Cast: Shock             |    89 |    84 ||   173
   Stab: Sleeping          |     1 |       ||     1
 Armour: Robe              |     4 |     6 ||    10
  Dodge: Dodged            |    28 |    24 ||    52
